 Dungeon Crawl Stone Soup version 0.27-a0-660-g90476cec82 (webtiles) character file.

Game seed: 11614413683528811711

271 lunkers the Skirmisher (level 6, -3/65 (67) HPs)
             Began as an Ogre Monk on Mar 16, 2021.
             Slain by Eustachio
             ... wielding a +2 rapier of draining
              (8 damage)
             ... on level 4 of the Dungeon.
             The game lasted 00:07:46 (4941 turns).

lunkers the Skirmisher (Ogre Monk)                  Turns: 4941, Time: 00:07:47

HP:   -3/65 (67)    AC:  4    Str: 18    XL:     6   Next: 23%
MP:   6/6           EV: 10    Int: 17    God:
Gold: 143           SH:  0    Dex: 11    Spells: 5/5 levels left

rFire    . . .     SeeInvis .   l - +0 flail
rCold    . . .     Faith    .   (no shield)
rNeg     + . .     Spirit   .   b - +0 robe
rPois    .         Reflect  .   (helmet restricted)
rElec    .         Harm     .   n - +0 cloak
rCorr    .         Rampage  .   (gloves unavailable)
Will     .....                  (boots unavailable)
Stlth    ++........             (no amulet)
HPRegen  0.20/turn              m - +6 ring of intelligence
MPRegen  0.10/turn              o - ring of positive energy

@: mighty, lethally poisoned (-3 -> -4), lightly drained
A: large, unfitting armour, tough skin 1
a: no special abilities


You were on level 4 of the Dungeon.
You visited 1 branch of the dungeon, and saw 4 of its levels.

You collected 143 gold pieces.

Inventory:

Hand Weapons
 a - a +0 mace
 l - a +0 flail (weapon)
Missiles
 e - 97 stones (quivered)
 v - 14 poisoned darts
Armour
 b - a +0 robe (worn)
 n - a +0 cloak (worn)
Jewellery
 m - a +6 ring of intelligence (right hand)
 o - a ring of positive energy (left hand)
Wands
 t - a wand of flame (1)
Scrolls
 c - 6 scrolls of teleportation {unknown}
 f - 12 scrolls of identify {unknown}
 h - 3 scrolls of enchant weapon {unknown}
 i - 5 scrolls of magic mapping {unknown}
 q - 2 scrolls of amnesia {unknown}
 u - a scroll of fog {unknown}
Potions
 d - 3 potions of might
 g - a potion of berserk rage {unknown}
 k - 2 potions of mutation {unknown}
 p - a potion of attraction {unknown}
 r - a potion of invisibility {unknown}
 s - a potion of brilliance {unknown}


   Skills:
 + Level 6.0 Fighting
 * Level 5.3 Maces & Flails
 - Level 2.6 Dodging
 - Level 1.4 Stealth


You had 5 spell levels left.
You didn't know any spells.
Your spell library was empty.

Dungeon Overview and Level Annotations

Branches:
Dungeon (4/15)
 Temple: D:4-7

Altars:
Dithmenos
Elyvilon

Annotations:
D:4 Eustachio


Innate Abilities, Weirdness & Mutations

You are too large for most types of armour.
You have tough skin. (AC +1)


Message History

The worker ant poisons you!
It was a potion of curing.
You feel better. The jackal misses you. The worker ant bites you.
* * * LOW HITPOINT WARNING * * *
You are poisoned.
The worker ant poisons you!
The jackal bites you but does no damage.
You feel better. The worker ant bites you.
* * * LOW HITPOINT WARNING * * *
You are poisoned.
The worker ant poisons you!
The jackal bites you but does no damage.
You feel better. The jackal bites you.
* * * LOW HITPOINT WARNING * * *
The worker ant closely misses you. The jackal closely misses you.
Unknown command.
Okay, then.
You thump the worker ant!
The worker ant is heavily wounded.
The worker ant bites you.
* * * LOW HITPOINT WARNING * * *
You are poisoned.
The worker ant poisons you! The jackal barely misses you.
The worker ant bites you.
* * * LOW HITPOINT WARNING * * *
You sock the worker ant!
You kill the worker ant!
You feel sick. The jackal barely misses you. The jackal bites you.
* * * LOW HITPOINT WARNING * * *
Your Fighting skill increases to level 6!
You closely miss Eustachio.
Eustachio is severely wounded.
The jackal bites you but does no damage.
Eustachio hits you but does no damage. You partially resist.
You closely miss Eustachio.
Eustachio is severely wounded.
You feel sick. The jackal misses you.
Eustachio screams, "This atrocity can only be purified with blood!"
Eustachio hits you with a +2 rapier of draining!
You die...

##### #...############
#..............#
#...##########.# ##.##
#.#####.# ####.####.#......#
#.....@@h###.##..#
######<#...###h#.# #..######
#...........####b####.......##
#.#####...@.......†.r.........
#).#######..#####†###.## #..#
#.............. #..#
#..#####.###.#. .... #..#
#@###r#. ....# ...# #(##.#Z.


You could see Eustachio, 2 jackals and a bat (summoned).

Vanquished Creatures
  A howler monkey (D:4)
  A worker ant (D:4)
  10 adders
  8 worms
  4 dart slugs
  6 orcs
  9 ball pythons
  3 giant cockroaches (D:2)
  6 goblins
  10 hobgoblins
  11 jackals
  2 kobolds
  2 quokkas (D:2)
  9 bats
  2 frilled lizards (D:2)
  A rat (D:1)
85 creatures vanquished.

Notes
Turn   | Place    | Note
-------+----------+-------------------------------------------
     0 | D:1      | lunkers the Ogre Monk began the quest for the Orb.
     0 | D:1      | Reached XP level 1. HP: 24/24 MP: 1/1
   775 | D:1      | Reached XP level 2. HP: 19/32 MP: 2/2
  1544 | D:2      | Reached XP level 3. HP: 19/40 MP: 3/3
  2243 | D:2      | Reached XP level 4. HP: 48/49 MP: 4/4
  2357 | D:2      | Reached skill level 5 in Fighting
  2931 | D:2      | Reached XP level 5. HP: 44/57 MP: 5/5
  3333 | D:2      | Found a white marble altar of Elyvilon.
  4285 | D:3      | Found a shadowy altar of Dithmenos.
  4833 | D:4      | Reached skill level 5 in Maces & Flails
  4833 | D:4      | Reached XP level 6. HP: 66/67 MP: 6/6
  4862 | D:4      | Noticed Eustachio
  4934 | D:4      | HP: 2/63 [worker ant (4)]
  4940 | D:4      | Reached skill level 6 in Fighting
  4941 | D:4      | Slain by Eustachio

Illustrated notes

Levels and vault maps discovered:
D:1:      roderic_dead_forest, layout_loops_cross, minmay_tromino_v4_b
D:2:      layout_basic, overflow_temple_1_default, minmay_snake_closets
D:3:      layout_rooms, nicolae_dithmenos_through_a_glass_darkly
D:4:      layout_loops_ring, uniq_eustachio

Skill      XL: |  1  2  3  4  5  6 |
---------------+-------------------+-----
Maces & Flails | 3 4 5 |  5.3
Fighting       | 5 6 |  6.0
Dodging        | |  2.6
Stealth        | |  1.4

Action                   |  1- 3 |  4- 6 || total
-------------------------+-------+-------++-------
Melee: Mace              |    51 |       ||    51
       Flail             |    54 |   192 ||   246
Throw: Stone             |    35 |    49 ||    84
Evoke: Wand              |       |    15 ||    15
  Use: Potion            |       |     4 ||     4
 Stab: Sleeping          |       |     7 ||     7
Armor: Robe              |    31 |    72 ||   103
Dodge: Dodged            |    57 |   148 ||   205

Table legend: (Time is in decaauts)
 A = Elapsed time spent in this place.
 B = Non-inter-level travel time spent in this place.
 C = Inter-level travel time spent in this place.
 D = Time resting spent in this place.
 E = Time spent auto-exploring this place.
 F = Levels seen in this place.
 G = Mean time per level.
                   A        B        C        D        E       F      G
               +--------+--------+--------+--------+--------+-----+--------+
         Total |   5008 |   4883 |    125 |    838 |   3216 |   4 | 1252.0 |
       Dungeon |   5008 |   4883 |    125 |    838 |   3216 |   4 | 1252.0 |
               +--------+--------+--------+--------+--------+-----+--------+

Top non-repeatable levels by time:
     D:2: 2224 daAuts
     D:1: 1750 daAuts
     D:3: 869 daAuts
     D:4: 164 daAuts
